 Dungeon Crawl Stone Soup version 0.31-a0-192-ga50d7bf3bb (webtiles) character file.

Game seed: 15737861439223354885

245 qw the Skirmisher (level 5, -8/31 HPs)
             Began as a Deep Elf Hunter on June 23, 2023.
             Mangled by Pikel
             ... wielding a +1 whip of freezing
              (9 damage)
             ... on level 4 of the Dungeon.
             The game lasted 00:01:02 (2490 turns).

qw the Skirmisher (Deep Elf Hunter)                 Turns: 2490, Time: 00:01:03

Health: -8/31      AC:  6    Str: 10    XL:     5   Next: 84%
Magic:  7/7        EV: 16    Int: 14    God:
Gold:   242        SH:  0    Dex: 18    Spells: 4/4 levels left

rFire   + . .        Y - +0 shortbow (freeze)
rCold   . . .        (shield currently unavailable)
rNeg    . . .        c - +0 ring mail
rPois   .            (no helmet)
rElec   .            (no cloak)
rCorr   .            d - +0 pair of gloves
SInv    .            (no boots)
Will    .....        (no amulet)
Stlth   +            e - +5 ring of evasion
HPRegen 0.25/turn    j - ring of protection from fire
MPRegen 0.10/turn

%: no passive effects
@: about to teleport
A: no striking features
a: no special abilities


You were on level 4 of the Dungeon.
You visited 1 branch of the dungeon, and saw 4 of its levels.

You collected 242 gold pieces.


   Skills:
 - Level 2.3 Fighting
 + Level 9.0 Ranged Weapons
 - Level 2.4 Dodging
 - Level 1.2 Stealth


You had 4 spell levels left.
You didn't know any spells.
Your spell library was empty.

Inventory:

Hand Weapons
 Y - a +0 shortbow of freezing (weapon)
Armour
 c - a +0 ring mail (worn)
 d - a +0 pair of gloves (worn)
Jewellery
 e - a +5 ring of evasion (left hand)
 j - a ring of protection from fire (right hand)
Scrolls
 a - a scroll of teleportation
 i - a scroll of identify
Potions
 f - a potion of heal wounds {unknown}
 g - a potion of curing
 h - a potion of haste

Dungeon Overview and Level Annotations

Branches:
Dungeon (4/15)
 Temple: D:4-7

Altars:
Elyvilon
Ru
Sif Muna
The Shining One

Annotations:
D:4 Pikel


Message History

You shoot an arrow. The arrow hits the lemure.
The arrow freezes the lemure.
The lemure is heavily wounded.
You shoot an arrow.
The arrow hits the lemure but does no damage.
The lemure is heavily wounded.
You shoot an arrow.
The arrow hits the lemure but does no damage.
The lemure is moderately wounded.
The lemure misses you.
You shoot an arrow. The arrow hits the lemure.
The arrow freezes the lemure.
The lemure is heavily wounded.
The lemure hits you!
A lemure comes into view.
You shoot an arrow. The arrow hits the lemure.
The arrow freezes the lemure.
The lemure is heavily wounded.
You shoot an arrow.
The arrow hits Pikel but does no damage.
You shoot an arrow.
The arrow hits the lemure but does no damage.
The lemure is heavily wounded.
Pikel barely misses you.
You shoot an arrow.
The arrow hits the lemure but does no damage.
The lemure is heavily wounded.
Pikel hits you with a +1 whip of freezing.
Pikel freezes you. The lemure hits you.
You shoot an arrow.
The arrow hits the lemure but does no damage.
The lemure is heavily wounded.
Pikel hits you but does no damage. The lemure hits you. The lemure misses you.
2489 ||| READING 2 scrolls of teleportation.
As you read the scroll of teleportation, it crumbles to dust.
You feel strangely unstable.
Pikel hits you with a +1 whip of freezing.
Pikel freezes you. The lemure barely misses you. The lemure closely misses you.
You shoot an arrow.
The arrow hits the lemure but does no damage.
The lemure is heavily wounded.
Pikel hits you with a +1 whip of freezing!
You die...

#.#.#.# .. #.....# #
#.. ###.##### .. ..
#.....# #..#.. ####..#
#...<.#########...####
.....$5..............+
......#.######....####
#....5K@.####........#
.$####55..##....####.#
###......### #
###..### ####


You could see Pikel and 4 lemures.

Vanquished Creatures
  A crimson imp (D:3)
  An iguana (D:3)
  Terence (D:2)
  Natasha (thrice) (D:2)
  A gnoll (D:3)
  A worm (D:3)
  A dart slug (D:2)
  An orc (D:3)
  5 bats
  7 endoplasms
  2 giant cockroaches
  10 goblins
  7 hobgoblins
  2 jackals (D:2)
  A kobold (D:3)
  2 quokkas
  6 ball pythons
  2 frilled lizards
  A goblin zombie (D:3)
  2 hobgoblin zombies (D:3)
  A kobold skeleton (D:3)
  3 kobold zombies (D:3)
  An orc skeleton (D:3)
  3 orc zombies (D:3)
  5 rats
70 creatures vanquished.

Notes
Turn   | Place    | Note
-------+----------+-------------------------------------------
     0 | D:1      | qw the Deep Elf Hunter began the quest for the Orb.
     0 | D:1      | Reached XP level 1. HP: 12/12 MP: 3/3
     0 | D:1      | 0 ||| qw: Version: 0.3-a-9-g12657ce
     0 | D:1      | 0 ||| qw: Game counter: 4572
     0 | D:1      | 0 ||| qw: Always use a shield: true
     0 | D:1      | 0 ||| qw: God list: Okawaru
     0 | D:1      | 0 ||| qw: Allow faded altars: false
     0 | D:1      | 0 ||| qw: Do Orc after D:15 true
     0 | D:1      | 0 ||| qw: Do second Lair branch before Depths: true
     0 | D:1      | 0 ||| qw: Lair rune preference: random
     0 | D:1      | 0 ||| qw: Plans: Normal
     0 | D:1      | 0 ||| PLANNING D:1-11
   249 | D:1      | Reached skill level 6 in Ranged Weapons
   249 | D:1      | Reached XP level 2. HP: 16/16 MP: 4/4
   745 | D:1      | 745 ||| UPGRADING to +0 pair of gloves.
   750 | D:1      | 750 ||| UPGRADING to +5 ring of evasion.
   751 | D:1      | 751 ||| READING scroll labelled DOIPNO HAUD.
   752 | D:1      | 752 ||| DRINKING 2 puce potions.
   753 | D:1      | 753 ||| DROPPING scroll of butterflies.
   787 | D:2      | Reached XP level 3. HP: 20/20 MP: 5/5
   884 | D:2      | Noticed Terence
   892 | D:2      | Killed Terence
   893 | D:2      | Reached skill level 7 in Ranged Weapons
   939 | D:2      | Found a sacrificial altar of Ru.
  1070 | D:2      | Reached XP level 4. HP: 25/25 MP: 6/6
  1177 | D:2      | Noticed Natasha
  1187 | D:2      | Killed Natasha
  1386 | D:2      | Noticed Natasha
  1393 | D:2      | Killed Natasha
  1394 | D:2      | Reached skill level 8 in Ranged Weapons
  1424 | D:2      | Noticed Natasha
  1425 | D:2      | 1425 ||| FLEEEEING.
  1426 | D:2      | 1426 ||| FLEEEEING.
  1427 | D:2      | 1427 ||| FLEEEEING.
  1434 | D:2      | 1434 ||| STAIRDANCE
  1461 | D:1      | 1461 ||| UPGRADING to +0 scale mail.
  1471 | D:1      | 1471 ||| DROPPING +0 leather armour.
  1472 | D:1      | 1472 ||| READING 2 scrolls labelled MELALL FUNAJUZE.
  1476 | D:1      | 1476 ||| READING 2 scrolls labelled WOOQOY BOMICH.
  1477 | D:1      | 1477 ||| READING scroll labelled CIG VOG LAI.
  1478 | D:1      | 1478 ||| READING scroll labelled YDGHOR XERO BUO.
  1479 | D:1      | 1479 ||| READING scroll labelled ETURUFEPRU.
  1480 | D:1      | 1480 ||| DRINKING 2 purple potions.
  1481 | D:1      | 1481 ||| DROPPING scroll of amnesia.
  1482 | D:1      | 1482 ||| DROPPING potion of brilliance.
  1511 | D:2      | Killed Natasha
  1512 | D:2      | Reached XP level 5. HP: 25/29 MP: 7/7
  1836 | D:3      | 1836 ||| FLEEEEING.
  1837 | D:3      | 1837 ||| FLEEEEING.
  1838 | D:3      | 1838 ||| FLEEEEING.
  1839 | D:3      | 1839 ||| FLEEEEING.
  1840 | D:3      | 1840 ||| FLEEEEING.
  1841 | D:3      | 1841 ||| FLEEEEING.
  1842 | D:3      | 1842 ||| STAIRDANCE
  1899 | D:2      | 1899 ||| UPGRADING to +0 ring mail.
  1909 | D:2      | 1909 ||| DROPPING +0 scale mail.
  1920 | D:3      | Reached skill level 9 in Ranged Weapons
  2057 | D:3      | Found a shimmering blue altar of Sif Muna.
  2148 | D:3      | Found a white marble altar of Elyvilon.
  2258 | D:3      | Found a glowing golden altar of the Shining One.
  2408 | D:3      | 2408 ||| DROPPING amulet of magic regeneration.
  2409 | D:3      | 2409 ||| UPGRADING to ring of protection from fire.
  2410 | D:3      | 2410 ||| READING scroll labelled AXUXAABROW.
  2411 | D:3      | 2411 ||| DRINKING 2 white potions.
  2412 | D:3      | 2412 ||| READING 2 scrolls of identify.
  2412 | D:3      | 2412 ||| IDENTIFYING lumpy brown potion
  2413 | D:3      | 2413 ||| DROPPING potion of attraction.
  2477 | D:4      | Noticed a lemure
  2477 | D:4      | Noticed a lemure
  2478 | D:4      | Noticed a lemure
  2479 | D:4      | Noticed Pikel
  2483 | D:4      | Noticed a lemure
  2488 | D:4      | HP: 5/31 [lemure[Pikel] (6)]
  2489 | D:4      | 2489 ||| READING 2 scrolls of teleportation.
  2489 | D:4      | HP: 2/31 [Pikel/+1 whip of freezing (4)]
  2490 | D:4      | Mangled by Pikel

Levels and vault maps discovered:
D:1:      dpeg_arrival_rhombus, layout_loops_corners
D:2:      layout_basic, basic_altar, uniq_natasha, uniq_terence
D:3:      layout_basic, general_overflow_altar, nicolae_tso_besieged_by_evil,
          nicolae_elyvilon_peaceful_grove, minmay_starry_boxes
D:4:      layout_loops_corners, mainiacjoe_overflow_catwalk,
          minmay_temple_entry_fiery, minmay_misc_feat_x, st_stairs_10,
          abandoned_shop, uniq_pikel

Skill      XL: |  1  2  3  4  5 |
---------------+----------------+-----
Ranged Weapons | 6 7 8 9 |  9.0
Fighting       | 2 |  2.3
Dodging        | |  2.4
Stealth        | |  1.2

Action                     |  1- 3 |  4- 6 || total
---------------------------+-------+-------++-------
   Fire: Shortbow          |    88 |   123 ||   211
    Use: Scroll            |     1 |     8 ||     9
         Potion            |     1 |     2 ||     3
 Armour: Leather armour    |     3 |       ||     3
         Ring mail         |       |     9 ||     9
         Scale mail        |       |     3 ||     3
  Dodge: Dodged            |    16 |    35 ||    51

Table legend:
 A = Non-vault XP
 B = Vault XP
 C = Vault XP percentage of total XP
 D = Non-vault monster count
 E = Vault monster count
 F = Vault count percentage of total count
                 A         B        C        D         E       F
            +---------+---------+-------+---------+---------+-------
      Total |     193 |     158 |  45.0 |      49 |      21 |  30.0
            +---------+---------+-------+---------+---------+-------
        D:1 |      30 |       0 |   0.0 |      17 |       0 |   0.0
        D:2 |     109 |      71 |  39.4 |      24 |       2 |   7.7
        D:3 |      54 |      83 |  60.6 |       8 |      17 |  68.0
        D:4 |       0 |       4 | 100.0 |       0 |       2 | 100.0
            +---------+---------+-------+---------+---------+-------
